 Dungeon Crawl Stone Soup version 0.22-a0-410-g97be04f (webtiles) character file.

826 Mgcat the Skirmisher (level 7, 0/59 HPs)
             Began as a Mummy Fighter on May 11, 2018.
             Slain by an ogre
             ... wielding a +0 giant spiked club
              (5 damage)
             ... on level 5 of the Dungeon.
             The game lasted 00:09:19 (5017 turns).

Mgcat the Skirmisher (Mummy Fighter)                Turns: 5017, Time: 00:09:20

Health: 0/59       AC: 14    Str: 21    XL:     7   Next: 64%
Magic:  7/7        EV: 11    Int:  7    God:
Gold:   243        SH:  0    Dex: 16    Spells: 6/6 levels left

rFire    x . .     SeeInvis .   k - +7 Spriggan's Knife {MR+ EV+4 Dex+4 Stlth+}
rCold    + . .     Gourm    .   (no shield)
rNeg     + + +     Faith    .   l - +1 chain mail of the Harp {rElec} (curse)
rPois    ∞         Spirit   .   (no helmet)
rElec    +         Reflect  .   h - +1 cloak
rCorr    .         Harm     .   m - +1 pair of gloves
MR       +....                  (no boots)
Stlth    ..........             (no amulet)
HPRegen  0.19/turn              (no ring)
MPRegen  0.10/turn              (no ring)

@: no status effects
A: no food or potions, fire vulnerability, cold resistance 1, negative energy
resistance 3, torment resistance, unbreathing
a: no special abilities


You were on level 5 of the Dungeon.
You were not hungry.

You visited 1 branch of the dungeon, and saw 6 of its levels.

You collected 243 gold pieces.

Inventory:

Hand Weapons
 a - a +0 flail
 k - the +7 Spriggan's Knife (weapon) {MR+ EV+4 Dex+4 Stlth+}
   (You found it on level 4 of the Dungeon)

   It affects your evasion (+4).
   It affects your dexterity (+4).
   It affects your resistance to hostile enchantments.
   It makes you more stealthy.
Missiles
 b - 2 curare-tipped needles
 n - 2 throwing nets {=f, !d}
Armour
 c - a +0 shield
 h - a +1 cloak (worn)
   (You found it on level 2 of the Dungeon)
 l - the cursed +1 chain mail of the Harp (worn) {rElec}
   (You found it on level 4 of the Dungeon)

   It insulates you from electricity.
   It has a curse placed upon it.
 m - a +1 pair of gloves (worn)
   (You found it on level 5 of the Dungeon)
Jewellery
 e - an uncursed ring of fire {unknown}
   (You found it on level 4 of the Dungeon)
 i - an uncursed ring of ice {rC+, rF-}
   (You found it on level 3 of the Dungeon)
Wands
 o - a wand of flame (20)
   (You found it on level 6 of the Dungeon)
Scrolls
 d - 7 scrolls of remove curse
 f - 3 scrolls of teleportation
 g - 7 scrolls of identify
 j - 2 scrolls of amnesia


   Skills:
 + Level 6.8 Fighting
 + Level 5.2 Maces & Flails
 - Level 2.4 Armour
 - Level 2.4 Shields


You had 6 spell levels left.
You didn't know any spells.

Dungeon Overview and Level Annotations

Branches:
Dungeon (6/15)
 Temple: D:4-7

Altars:
Kikubaaqudgha
Okawaru
Yredelemnul

Shops:
D:5 (


Innate Abilities, Weirdness & Mutations

You do not eat or drink.
Your flesh is vulnerable to fire.
You are immune to poison.
Your flesh is cold resistant. (rC+)
You are immune to negative energy. (rN+++)
You are immune to unholy pain and torment.
You can survive without breathing.


Message History

You kill the orc wizard!
You closely miss the orc. The orc hits you but does no damage.
You hit the orc.
The orc is moderately wounded.
The orc closely misses you.
You closely miss the orc.
The orc is moderately wounded.
The orc hits you with a short sword.
You hit the orc.
The orc is heavily wounded.
The orc barely misses you.
You puncture the orc!
You kill the orc!
You barely miss the orc. The orc hits you but does no damage.
You hit the orc but do no damage. The orc misses you.
You hit the orc.
The orc is lightly wounded.
The orc hits you but does no damage.
You closely miss the orc.
The orc is lightly wounded.
The orc hits you but does no damage.
You hit the orc.
The orc is almost dead.
The orc hits you with a short sword.
You hit the orc.
You kill the orc!
No target in view!
No target in view!
Items here: )))) [[ ††
There is a stone staircase leading up here.
Things that are here:
a whip; a ring mail HP restored.
Found an escape hatch in the floor.
There is an escape hatch in the floor here.
o - a wand of flame (20)
Found a stone staircase leading up.
You see here 20 stones.
A hound zombie comes into view.
You hit the hound zombie.
The hound zombie is lightly damaged.
The hound zombie closely misses you. The hound zombie misses you.
You hit the hound zombie.
The hound zombie is moderately damaged.
The hound zombie completely misses you.
You puncture the hound zombie!
The hound zombie is heavily damaged.
The hound zombie closely misses you.
You hit the hound zombie.
The hound zombie is severely damaged.
The hound zombie misses you.
You puncture the hound zombie!
The hound zombie is almost destroyed.
The hound zombie completely misses you.
The hound zombie bites you but does no damage.
You completely miss the hound zombie.
The hound zombie is almost destroyed.
The hound zombie bites you but does no damage.
You puncture the hound zombie!
You destroy the hound zombie!
No target in view!
No target in view!
g - 7 scrolls of identify (gained 1)
You now have 243 gold pieces (gained 20).
An ogre comes into view. It is wielding a giant spiked club.
The ogre barely misses you.
You hit the ogre.
The ogre is lightly wounded.
The ogre hits you with a giant spiked club!
You are too injured to fight recklessly!
You are too injured to fight recklessly!
You are too injured to fight recklessly!
You are too injured to fight recklessly!
You are too injured to fight recklessly!
You hit the ogre.
The ogre is moderately wounded.
You hit the ogre but do no damage.
The ogre is moderately wounded.
The ogre hits you with a giant spiked club!
You puncture the ogre!
The ogre is heavily wounded.
The ogre barely misses you.
You hit the ogre.
The ogre is severely wounded.
The ogre misses you.
You barely miss the ogre.
The ogre is severely wounded.
You puncture the ogre!
The ogre is almost dead.
The ogre hits you with a giant spiked club!
* * * LOW HITPOINT WARNING * * *
You completely miss the ogre.
The ogre is almost dead.
The ogre hits you with a giant spiked club!
* * * LOW HITPOINT WARNING * * *
You see here a leather armour.
There is an escape hatch in the ceiling here.
A mysterious force pulls you upwards. The hatch slams shut behind you.
The ogre hits you with a giant spiked club.
You die...

#####################
######...................#
......#...#...#...#...#..########
......!.....(..........._#.....>.
......#...#...#...#...#..#.......
.......!.......O@........#...>###
......####################.......
<.......#...........#.#.#.###.###
......#.#.#########.#.#.#...#....
........#...........#.#.#.#.#...!
.............########.#.#.#.#....
#####.................#.#.#.##.##
######.......##########.#.#.##..#
.................................


You could see an ogre.

Vanquished Creatures
  The ghost of 4thArraOfDagon the Chopper, an amateur DDBe of Trog (D:4)
  The ghost of Borgoz the Skirmisher, an amateur GrAK of Lugonu (D:3)
  A wyvern zombie (D:6)
  2 scorpions
  An orc priest (D:6)
  An orc wizard (D:6)
  A bullfrog skeleton (D:5)
  Jessica (D:2)
  Natasha (thrice) (D:2)
  2 worker ants (D:5)
  A hound zombie (D:6)
  5 adders
  An ooze (D:1)
  An adder zombie (D:5)
  4 worms
  5 dart slugs
  A leopard gecko (D:1)
  6 orcs
  2 ball pythons
  2 giant cockroaches (D:1)
  7 goblins
  9 hobgoblins
  9 jackals
  3 kobolds (D:1)
  A quokka (D:3)
  7 bats
  7 frilled lizards
  A leopard gecko zombie (D:6)
  8 rats
94 creatures vanquished.

Notes
Turn   | Place    | Note
-------+----------+-------------------------------------------
     0 | D:1      | Mgcat the Mummy Fighter began the quest for the Orb.
     0 | D:1      | Reached XP level 1. HP: 18/18 MP: 1/1
   159 | D:1      | Reached XP level 2. HP: 20/24 MP: 2/2
   164 | D:1      | Reached skill level 2 in Maces & Flails
   348 | D:1      | Reached XP level 3. HP: 26/29 MP: 3/3
   830 | D:2      | Reached skill level 4 in Fighting
   947 | D:2      | Noticed Jessica
   950 | D:2      | Killed Jessica
   950 | D:2      | Reached XP level 4. HP: 26/37 MP: 4/4
  1040 | D:2      | Reached skill level 3 in Maces & Flails
  1100 | D:2      | Found an ancient bone altar of Kikubaaqudgha.
  1316 | D:2      | Noticed Natasha
  1320 | D:2      | Killed Natasha
  1320 | D:2      | Reached XP level 5. HP: 33/43 MP: 5/5
  1393 | D:2      | Noticed Natasha
  1411 | D:2      | HP: 9/43 [Natasha (2)]
  1413 | D:2      | Killed Natasha
  1963 | D:2      | Noticed Natasha
  1971 | D:2      | Killed Natasha
  2226 | D:3      | Noticed Borgoz's ghost (amateur GrAK)
  2243 | D:3      | Killed Borgoz's ghost
  2243 | D:3      | Reached skill level 5 in Fighting
  2243 | D:3      | Reached skill level 4 in Maces & Flails
  2243 | D:3      | Reached XP level 6. HP: 27/51 MP: 6/6
  3316 | D:4      | Found the +7 Spriggan's Knife {MR+ EV+4 Dex+4 Stlth+}
  3321 | D:4      | Noticed 4thArraOfDagon's ghost (amateur DDBe)
  3348 | D:4      | HP: 5/51 [4thArraOfDagon's ghost (9)]
  3377 | D:4      | HP: 7/51 [4thArraOfDagon's ghost (3)]
  3676 | D:4      | Killed 4thArraOfDagon's ghost
  3676 | D:4      | Reached skill level 6 in Fighting
  3676 | D:4      | Reached XP level 7. HP: 32/58 MP: 7/7
  3921 | D:4      | Got a faintly humming chain mail
  4054 | D:5      | Entered Level 5 of the Dungeon
  4163 | D:5      | Identified the cursed +1 chain mail of the Harp {rElec} (You found it on level 4 of the Dungeon)
  4242 | D:5      | Found Deemig's Weapon Boutique.
  4390 | D:5      | Found a basalt altar of Yredelemnul.
  4500 | D:5      | Found an iron altar of Okawaru.
  4597 | D:5      | Reached skill level 5 in Maces & Flails
  5003 | D:6      | HP: 2/59 [ogre/giant spiked club (13)]
  5017 | D:5      | Slain by an ogre

Vault maps used:
D:1:      ncdulo_smallfort, minmay_tetromino_s4
D:2:      lemuel_doored_altar, first_ration, uniq_jessica, uniq_natasha
D:3:      roderic_serpentine_path, minivault_24
D:4:      kennysheep_generic_room_6
D:5:      lemuel_coloured_pillars_altar, old_standard_altar, serial_shops,
          nicolae_shop_waterfront
D:6:      minmay_temple_entry_nine_rooms, serial_shops, nicolae_shop_trees,
          basic_altar

Skill      XL: |  1  2  3  4  5  6  7 |
---------------+----------------------+-----
Maces & Flails | 2 3 4 5 |  5.2
Fighting       | 4 5 6 |  6.8
Armour         | |  2.4
Shields        | |  2.4

Action                   |  1- 3 |  4- 6 |  7- 9 || total
-------------------------+-------+-------+-------++-------
Melee: Flail             |   125 |   184 |       ||   309
       Knife             |       |    16 |   116 ||   132
  Use: Scroll            |       |     5 |     1 ||     6
Armor: Scale mail        |    81 |    79 |     5 ||   165
       Chain mail        |       |       |    40 ||    40
Dodge: Dodged            |    78 |    81 |    66 ||   225
Block: Shield            |    13 |       |       ||    13

Table legend:
 A = Spawn XP
 B = Non-spawn XP
 C = Spawn XP percentage of total XP
 D = Spawn monster count
 E = Non-spawn monster count
 F = Spawn count percentage of total count
 G = Total turns spent on level
                    A         B        C        D         E        F      G
               +---------+---------+-------+---------+---------+-------+---------
         Total |       0 |    1181 |   0.0 |       0 |      94 |   0.0 |  5017
               +---------+---------+-------+---------+---------+-------+---------
           D:1 |       0 |      68 |   0.0 |       0 |      31 |   0.0 |   673
           D:2 |       0 |     202 |   0.0 |       0 |      21 |   0.0 |  1362
           D:3 |       0 |     210 |   0.0 |       0 |      19 |   0.0 |  1254
           D:4 |       0 |     298 |   0.0 |       0 |       5 |   0.0 |   811
           D:5 |       0 |     201 |   0.0 |       0 |      10 |   0.0 |   680
           D:6 |       0 |     202 |   0.0 |       0 |       8 |   0.0 |   237
               +---------+---------+-------+---------+---------+-------+---------

Vault maps used:
D:1:      ncdulo_smallfort, minmay_tetromino_s4
D:2:      lemuel_doored_altar, first_ration, uniq_jessica, uniq_natasha
D:3:      roderic_serpentine_path, minivault_24
D:4:      kennysheep_generic_room_6
D:5:      lemuel_coloured_pillars_altar, old_standard_altar, serial_shops,
          nicolae_shop_waterfront
D:6:      minmay_temple_entry_nine_rooms, serial_shops, nicolae_shop_trees,
          basic_altar

Table legend:
 A = Turns spent in this place as a percentage of turns spent in the entire game.
 B = Non-inter-level travel turns spent in this place as a percentage of non-inter-level travel turns spent in the entire game.
 C = Inter-level travel turns spent in this place as a percentage of turns spent in this place.
 D = Turns resting spent in this place as a percentage of non-inter-level travel turns spent in this place.
 E = Turns spent auto-exploring this place as a percentage of non-inter-level travel turns spent in this place.
 F = Non-inter-level travel turns spent in this place divided by the number of levels of this place that you've seen.
                   A       B       C       D       E      F
               +-------+-------+-------+-------+-------+----------------------
         Total | 100.0 | 100.0 |  11.0 |   5.9 |  75.1 | 744.3
       Dungeon | 100.0 | 100.0 |  11.0 |   5.9 |  75.1 | 744.3
               +-------+-------+-------+-------+-------+----------------------

Table legend:
 A = Kills in this place as a percentage of kills in entire the game.
 B = Kills by you in this place as a percentage of kills by you in the entire game.
 C = Kills by friends in this place as a percentage of kills by friends in the entire game.
 D = Other kills in this place as a percentage of other kills in the entire game.
 E = Experience gained in this place as a percentage of experience gained in the entire game.
 F = Experience gained in this place divided by the number of levels of this place that you have seen.
                   A       B       C       D       E      F
               +-------+-------+-------+-------+-------+----------------------
         Total | 100.0 | 100.0 |   N/A |   N/A | 100.0 | 196.8
       Dungeon | 100.0 | 100.0 |   N/A |   N/A | 100.0 | 196.8
               +-------+-------+-------+-------+-------+----------------------
